AoeStats
← OM | Kerry Copyto

Lombardia

510042755Analyzed
4v4 RM · 3d ago on Sep 29, 2026· 65m 59s· 8 players
Game mode
Random Map
Map size
Large (8 player)
Population
200
Speed
Normal
Resources
Standard
Victory
Conquest
Starting age
Dark Age
Ending age
Imperial Age
RankedLock teamsTeams togetherTeam positionsShared explorationLock speedFull tech treeHidden civsTurbo modeCheats
Victory
Defeat
🇭🇰 Magyars · Hong Kong SAR China
1412
+16
🇲🇽 Berbers · Mexico
1328
+19
🇲🇽 Mongols · Mexico
1320
+19
🇨🇴 Saxons · Colombia
1317
+19
🇲🇽 Hindustanis · Mexico
1427
-19
🇲🇽 Koreans · Mexico
1423
-19
🇲🇽 Franks · Mexico
1375
-18
🇲🇽 Mongols · Mexico
1359
-17
YuF
8:01 Feudal Age
9:20 Wheelbarrow
8:31 Double-Bit Axe
11:15 Horse Collar
13:13 Loom
18:16 Gold Mining
20:44 Castle Age
19:58 Stone Mining
21:35 Heavy Plow
21:45 Bow Saw
22:15 Hand Cart
23:42 Gold Shaft Mining
26:07 Stone Shaft Mining
30:18 Husbandry
30:53 Town Watch
33:53 Imperial Age
32:31 Fletching
32:43 Padded Archer Armor
32:55 Bloodlines
32:51 Thumb Ring
33:08 Ballistics
33:10 Town Patrol
33:23 Masonry
33:32 Bodkin Arrow
33:53 Leather Archer Armor
34:25 Scale Barding Armor
33:41 Light Cavalry
34:33 Elite Mangudai
35:15 Bracer
36:39 Chemistry
36:06 Parthian Tactics
36:47 Fortified Wall
36:43 Siege Engineers
37:06 Conscription
37:10 Forging
37:51 Drill
37:34 Murder Holes
38:37 Chain Barding Armor
37:41 Hussar
39:55 Iron Casting
41:33 Hoardings
41:35 Onager
41:37 Capped Ram
42:36 Nomads
42:52 Siege Ram
42:55 Siege Onager
50:19 Caravan
61:20 Heavy Scorpion
63:53 Blast Furnace
62:14 Elite Steppe Lancer
jaimeerp
6:55 Loom
10:07 Feudal Age
13:15 Double-Bit Axe
13:13 Horse Collar
18:38 Wheelbarrow
22:48 Castle Age
25:16 Hand Cart
25:13 Bow Saw
26:11 Heavy Plow
35:25 Imperial Age
32:31 Crossbowman
33:37 Fletching
34:25 Thumb Ring
34:45 Fortified Wall
34:47 Masonry
34:44 Bodkin Arrow
35:18 Ballistics
35:41 Padded Archer Armor
35:50 Arbalester
36:52 Leather Archer Armor
37:08 Conscription
37:01 Bracer
38:32 Chemistry
39:53 Hoardings
40:08 Ring Archer Armor
40:26 Architecture
40:04 Siege Engineers
40:01 Elite Varangian Guard
40:45 Squires
40:31 Gambesons
40:48 Scale Mail Armor
40:44 Arson
42:55 Coinage
46:35 Chain Mail Armor
46:31 Forging
46:26 Caravan
49:41 Plate Mail Armor
49:46 Iron Casting
51:34 Shield Wall
52:29 Elite Skirmisher
52:52 Elite Genitour
58:14 Capped Ram
59:07 Siege Ram
xblxavier
9:57 Feudal Age
9:30 Loom
11:17 Double-Bit Axe
11:47 Horse Collar
17:32 Castle Age
15:59 Loom
18:32 Bow Saw
18:46 Heavy Plow
20:13 Wheelbarrow
20:05 Stone Mining
21:31 Hand Cart
24:59 Gold Mining
25:47 Stone Shaft Mining
26:41 Gold Shaft Mining
27:19 Fletching
27:30 Padded Archer Armor
28:06 Bodkin Arrow
29:15 Leather Archer Armor
29:23 Bloodlines
29:14 Husbandry
30:30 Ballistics
32:43 Imperial Age
30:00 Town Watch
31:07 Kasbah
32:38 Town Patrol
32:22 Treadmill Crane
32:52 Masonry
32:39 Murder Holes
33:07 Thumb Ring
33:29 Bracer
33:52 Conscription
33:35 Maghrebi Camels
32:56 Elite Camel Archer
34:54 Chemistry
34:35 Crop Rotation
36:00 Hoardings
36:13 Ring Archer Armor
36:58 Fervor
37:19 Guilds
40:13 Heavy Camel Rider
42:47 Scale Barding Armor
42:43 Scale Mail Armor
42:53 Forging
42:46 Light Cavalry
44:22 Chain Barding Armor
44:09 Hussar
46:30 Iron Casting
47:16 Plate Barding Armor
49:12 Blast Furnace
52:09 Siege Engineers
52:16 Fortified Wall
53:55 Chain Mail Armor
64:27 Plate Mail Armor
63:59 Squires
63:45 Arson
63:20 Pikeman
609170940
6:25 Loom
8:52 Feudal Age
9:34 Double-Bit Axe
18:29 Castle Age
16:17 Horse Collar
19:41 Padded Archer Armor
19:31 Fletching
20:22 Bow Saw
21:54 Heavy Plow
22:40 Wheelbarrow
27:02 Hand Cart
31:11 Imperial Age
28:46 Bodkin Arrow
29:06 Leather Archer Armor
29:14 Ballistics
29:17 Thumb Ring
29:46 Stone Mining
29:47 Gold Mining
30:13 Bloodlines
30:03 Husbandry
32:07 Bracer
32:37 Ring Archer Armor
33:14 Chemistry
32:46 Parthian Tactics
32:44 Heavy Cavalry Archer
34:26 Recurve Bow
34:47 Conscription
35:27 Husbandry
41:00 Corvinian Army
41:08 Scale Barding Armor
42:19 Chain Barding Armor
41:22 Elite Magyar Huszar
43:14 Caravan
54:46 Plate Barding Armor
56:44 Two-Man Saw
59:20 Siege Engineers
58:43 Capped Ram
OM | Kerry Copyto
7:38 Loom
9:33 Feudal Age
14:55 Castle Age
14:56 Double-Bit Axe
14:54 Horse Collar
21:15 Town Watch
25:37 Bow Saw
26:50 Wheelbarrow
26:40 Heavy Plow
28:32 Gold Mining
32:47 Imperial Age
30:40 Fletching
30:51 Padded Archer Armor
31:36 Bodkin Arrow
32:21 Ballistics
33:07 Leather Archer Armor
33:06 Husbandry
33:17 Bloodlines
34:09 Bracer
35:39 Chemistry
34:46 Thumb Ring
35:24 Hand Cart
35:46 Gold Shaft Mining
35:01 Stone Mining
38:29 Parthian Tactics
38:26 Conscription
39:29 Elite Mangudai
39:39 Elite Skirmisher
42:54 Light Cavalry
43:41 Scale Barding Armor
43:46 Forging
46:10 Hussar
47:27 Iron Casting
48:52 Caravan
52:07 Blast Furnace
51:28 Chain Barding Armor
56:52 Scale Mail Armor
57:15 Capped Ram
58:12 Chain Mail Armor
OM | Romeo D. Sins
5:58 Loom
8:47 Feudal Age
17:43 Castle Age
15:57 Double-Bit Axe
15:56 Horse Collar
18:38 Heavy Plow
18:55 Bow Saw
27:22 Wheelbarrow
30:49 Imperial Age
28:57 Forging
28:52 Scale Barding Armor
29:12 Caravan
29:28 Husbandry
29:49 Gold Mining
29:50 Stone Mining
30:57 Iron Casting
30:33 Bloodlines
29:45 Light Cavalry
31:01 Chain Barding Armor
31:54 Gold Shaft Mining
31:54 Stone Shaft Mining
31:06 Town Watch
32:45 Blast Furnace
31:06 Heavy Camel Rider
33:41 Two-Man Saw
33:54 Plate Barding Armor
32:53 Imperial Camel Rider
33:41 Town Patrol
35:01 Conscription
37:15 Siege Engineers
37:36 Ballistics
38:20 Chemistry
39:06 Scale Mail Armor
39:24 Squires
39:09 Arson
39:01 Elite Ghulam
41:17 Chain Mail Armor
41:29 Hussar
44:21 Fletching
46:43 Bodkin Arrow
59:11 Coinage
61:55 Banking
62:02 Bracer
64:06 Hand Cart
OM | SISKO PRO
7:05 Loom
9:31 Feudal Age
10:23 Double-Bit Axe
10:20 Horse Collar
19:02 Castle Age
17:14 Gold Mining
20:43 Bow Saw
27:35 Gold Mining
28:45 Wheelbarrow
27:56 Town Watch
28:19 Heavy Plow
28:12 Stone Mining
29:30 Gold Shaft Mining
30:20 Stone Shaft Mining
29:52 Fletching
30:21 Hand Cart
30:21 Caravan
31:14 Coinage
35:19 Imperial Age
33:43 Ballistics
33:34 Masonry
33:04 Treadmill Crane
33:21 Murder Holes
33:34 Siphons
33:43 Fortified Wall
33:50 Fletching
34:32 Bodkin Arrow
34:48 Forging
34:39 Scale Mail Armor
34:34 Town Watch
36:33 Bracer
37:35 Chemistry
37:06 Architecture
37:20 Conscription
37:21 Shinkichon
37:01 Eupseong
37:26 Chain Mail Armor
37:47 Iron Casting
37:13 Elite Skirmisher
39:18 Plate Mail Armor
40:36 Thumb Ring
41:48 Siege Engineers
44:58 Town Patrol
45:23 Elite War Wagon
OM | Massiosare
5:29 Loom
10:39 Feudal Age
17:00 Double-Bit Axe
21:43 Castle Age
21:10 Stone Mining
21:18 Gold Mining
23:11 Bow Saw
27:53 Fortified Wall
32:36 Scale Barding Armor
32:42 Forging
32:34 Husbandry
35:56 Imperial Age
33:48 Caravan
35:33 Chain Barding Armor
35:50 Iron Casting
35:56 Gold Shaft Mining
36:00 Wheelbarrow
36:00 Coinage
36:00 Cavalier
39:59 Banking
42:04 Light Cavalry
44:26 Fletching
45:12 Plate Barding Armor
45:38 Blast Furnace
45:27 Paladin
Connection lost

Rejoining the realm…

Still unreachable

The connection could not be restored.

Session expired

The server has moved on; the page needs a fresh start.